AoeStats
← zKyurem1

Arena

510006699Analyzed
3v3 RM · 4d ago on Sep 29, 2026· 34m 16s· 6 players
Game mode
Random Map
Map size
Normal (6 player)
Population
200
Speed
Normal
Resources
Standard
Victory
Conquest
Starting age
Dark Age
Ending age
Imperial Age
RankedLock teamsTeams togetherTeam positionsShared explorationLock speedFull tech treeHidden civsTurbo modeCheats
Victory
Defeat
🇺🇸 Bengalis · United States
1106
+15
🇺🇸 Spanish · United States
1091
+15
🇺🇸 Berbers · United States
1072
+16
🇲🇽 Mongols · Mexico
1092
-16
🇵🇪 Spanish · Peru
1081
-16
🇦🇷 Maya · Argentina
1043
-41
Carleo_Intestin
10:16 Feudal Age
14:30 Castle Age
12:45 Double-Bit Axe
13:19 Horse Collar
15:20 Bow Saw
16:52 Padded Archer Armor
18:00 Fletching
20:07 Bodkin Arrow
23:08 Leather Archer Armor
27:43 Thumb Ring
31:52 Imperial Age
32:35 Bracer
33:06 Ring Archer Armor
34:08 Chemistry
33:00 Light Cavalry
33:51 Bloodlines
33:42 Husbandry
35:01 Scale Barding Armor
Jalapeño Horsey
12:00 Feudal Age
13:47 Town Watch
16:24 Castle Age
14:37 Double-Bit Axe
14:41 Horse Collar
15:10 Fletching
15:29 Stone Mining
15:52 Fletching
17:50 Loom
18:18 Bow Saw
18:14 Heavy Plow
21:58 Wheelbarrow
24:10 Padded Archer Armor
24:23 Bodkin Arrow
29:26 Imperial Age
27:40 Hand Cart
27:49 Leather Archer Armor
28:59 Sanctity
29:56 Thumb Ring
31:08 Chemistry
30:19 Masonry
30:13 Bracer
30:35 Block Printing
31:12 Ballistics
31:32 Guard Tower
33:05 Scale Barding Armor
33:11 Forging
32:24 Cavalier
33:04 Husbandry
33:15 Bloodlines
34:15 Elite Genitour
Jersey_TitanX
9:57 Feudal Age
10:44 Double-Bit Axe
10:48 Horse Collar
21:31 Castle Age
19:40 Loom
21:52 Gold Mining
22:30 Bow Saw
23:40 Fortified Wall
23:54 Heavy Plow
24:00 Fletching
25:44 Padded Archer Armor
25:51 Bodkin Arrow
27:19 Ballistics
29:33 Wheelbarrow
30:45 Elite Skirmisher
33:42 Leather Archer Armor
Thorin escudo de Roble
9:01 Feudal Age
14:31 Castle Age
13:13 Double-Bit Axe
13:41 Stone Mining
15:07 Wheelbarrow
21:21 Horse Collar
21:50 Gold Mining
23:15 Hand Cart
24:05 Heavy Plow
24:43 Gold Shaft Mining
24:24 Bow Saw
26:40 Fletching
30:08 Imperial Age
27:39 Bodkin Arrow
27:45 Padded Archer Armor
29:52 Leather Archer Armor
30:23 Thumb Ring
29:39 Elite Skirmisher
31:13 Conscription
31:26 Conscription
31:43 Ballistics
34:01 Chemistry
33:18 Bracer
pa echo
10:00 Feudal Age
12:30 Loom
15:06 Castle Age
18:50 Double-Bit Axe
22:35 Padded Archer Armor
25:13 Bloodlines
25:03 Husbandry
27:41 Leather Archer Armor
28:50 Husbandry
33:32 Wheelbarrow
zKyurem1
12:00 Feudal Age
15:43 Wheelbarrow
22:04 Castle Age
Connection lost

Rejoining the realm…

Still unreachable

The connection could not be restored.

Session expired

The server has moved on; the page needs a fresh start.